 Seeded DCSS version 0.29.1-15-g9cfb28693d (webtiles) character file.

Game seed: 16245865983455551772 (custom seed)

4 Atreus the Trooper (level 1, 12/19 HPs)
             Began as a Palentonga Berserker on Mar 9, 2023.
             Was a Follower of Trog.
             Quit the game on level 1 of the Dungeon.
             The game lasted 00:00:25 (65 turns).

Atreus the Trooper (Palentonga Berserker)             Turns: 65, Time: 00:00:26

Health: 12/19      AC:  4    Str: 22    XL:     1   Next: 50%
Magic:  1/1        EV:  9    Int:  7    God:    Trog [*.....]
Gold:   0          SH:  0    Dex:  9    Spells: 0/0 levels left

rFire   . . .      SeeInvis +   a - +0 hand axe
rCold   . . .      Faith    .   (no shield)
rNeg    . . .      Spirit   .   b - +0 animal skin
rPois   .          Reflect  .   (no helmet)
rElec   .          Harm     .   (no cloak)
rCorr   .          Rampage  .   (no gloves)
Will    .....                   (no barding)
Stlth   +.........              (no amulet)
HPRegen 0.06/turn               (no ring)
MPRegen 0.07/turn               (no ring)

@: no status effects
A: large, rugged brown scales 3, see invisible, deformed body, roll 1, armoured
tail
a: Rolling Charge, Renounce Religion, Berserk


You were on level 1 of the Dungeon.
You worshipped Trog.
Trog was aware of your devotion.
You visited 1 branch of the dungeon, and saw 1 of its levels.

Inventory:

Hand Weapons
 a - a +0 hand axe (weapon)
Armour
 b - a +0 animal skin (worn)
Jewellery
 d - the ring of Temodig {rF+ rC- rCorr Str+5 Int+9}
   (You acquired it on level 1 of the Dungeon)

   [ring of protection from fire]

   Str:       It affects your strength (+5).
   Int:       It affects your intelligence (+9).
   rF:        It protects you from fire.
   rC:        It makes you vulnerable to cold.
   rCorr:     It protects you from acid and corrosion.
 e - the ring "Xete" {Fly Int+4 Dex+3 Slay+3}
   (You acquired it on level 1 of the Dungeon)

   [ring of flight]

   Int:       It affects your intelligence (+4).
   Dex:       It affects your dexterity (+3).
   Slay:      It affects your accuracy & damage with ranged weapons and melee
   (+3).
   Fly:       It grants you flight.


   Skills:
 + Level 3.1 Fighting
 + Level 3.1 Axes
 + Level 1.5 Armour
 + Level 1.6 Dodging


You couldn't memorise any spells.
You didn't know any spells.
Your spell library was empty.

Dungeon Overview and Level Annotations

Branches:
Dungeon (1/15)

Altars:


Innate Abilities, Weirdness & Mutations

You are completely covered in rugged brown scales. (AC +3, +7% HP)
You have supernaturally acute eyesight. (SInv)
Armour fits poorly on your strangely shaped body.
You can roll at nearby foes to attack.
You have a long armoured tail.


Message History

You are frozen.
You hit the endoplasm but do no damage.
The endoplasm is moderately wounded.
The endoplasm freezes you.
You are frozen.
You hit the endoplasm.
The endoplasm is moderately wounded.
The endoplasm freezes you.
You are frozen.
You slash the endoplasm!
You kill the endoplasm!
Trog accepts your kill.
You hit the quokka but do no damage. The quokka completely misses you.
The quokka bites you.
Unknown command.
The quokka attacks as you move away!
The quokka bites you but does no damage.
Found 3 scrolls labelled WAC GOIFOFITOUPLEC.
Unknown command.
You closely miss the quokka. You tail-slap the quokka.
You kill the quokka!
Trog accepts your kill.
You see here a quokka corpse.
Things that are here:
a +0 dagger; a goblin corpse You see here a quokka corpse.
c - 3 scrolls labelled WAC GOIFOFITOUPLEC
There are no items here.
This is a scroll of acquirement!
Something appears at your feet!
d - the ring of Temodig {rF+ rC- rCorr Str+5 Int+9} Something appears at your feet!
e - the ring "Xete" {Fly Int+4 Dex+3 Slay+3} Something appears at your feet!
Are you sure you want to abandon this character and quit the game? (Confirm with "yes".)
Okay, then.
Unknown command.
Unknown command.
Unknown command.
Are you sure you want to abandon this character and quit the game? (Confirm with "yes".)

# .# #.#
######..###
#.@........
.......#..#.....
#.##...#..# ...
#...###.## #
#... #..# ...#
#..# ##.## ....
#..#.r #..#
....#
#.##...##.##
....# #....
#†.#.....#


There were no monsters in sight!

Vanquished Creatures
  An endoplasm (D:1)
  A goblin (D:1)
  A quokka (D:1)
3 creatures vanquished.

Notes
Turn   | Place    | Note
-------+----------+-------------------------------------------
     0 | D:1      | Atreus the Palentonga Berserker began the quest for the
                  | Orb.
     0 | D:1      | Reached XP level 1. HP: 19/19 MP: 1/1
    60 | D:1      | Identified 3 scrolls of acquirement
    60 | D:1      | Acquired the ring of Temodig {rF+ rC- rCorr Str+5 Int+9}
    62 | D:1      | Acquired the ring "Xete" {Fly Int+4 Dex+3 Slay+3}
    64 | D:1      | Acquired the +7 barding of the Playwright {rPois rCorr MP+9
                  | Int-2}
    65 | D:1      | Quit the game

Illustrated notes

Levels and vault maps discovered:
D:1:      minmay_arrival_hallway, layout_loops_corners, basic_ecumenical_altar,
          minmay_unequal

Action                   || total
-------------------------++-------
Melee: Hand axe          ||     6
       Tailslap          ||     2
  Use: Scroll            ||     3
Armor: Animal skin       ||     2
Dodge: Dodged            ||     2
